 Dungeon Crawl Stone Soup version 0.32-a0-886-g41c5271027 (webtiles) character file.

Game seed: 2952893641617199679

21 Armakuni the Charlatan (level 2, 0/16 (21) HPs)
             Began as a Human Artificer on Apr 2, 2024.
             Slain by an endoplasm (1 damage)
             ... on level 1 of the Dungeon.
             The game lasted 00:01:02 (455 turns).

Armakuni the Charlatan (Human Artificer)             Turns: 455, Time: 00:01:02

HP:   0/16 (21)     AC:  3    Str: 12    XL:     2   Next: 87%
MP:   2/2           EV: 10    Int: 11    God:
Gold: 56            SH:  0    Dex: 13    Spells: 1/1 levels left

rFire   . . .        b - +2 sling (drain)
rCold   . . .        (no shield)
rNeg    . . .        g - +0 leather armour
rPois   .            (no helmet)
rElec   .            (no cloak)
rCorr   .            (no gloves)
SInv    .            (no boots)
Will    .....        (no amulet)
Stlth   +            (no ring)
HPRegen 0.22/turn    (no ring)
MPRegen 0.08/turn

%: no passive effects
@: heavily drained
A: explore regen
a: no special abilities


You were on level 1 of the Dungeon.
You visited 1 branch of the dungeon, and saw 1 of its levels.

You collected 56 gold pieces.

Inventory:

Hand Weapons
 a - a +0 club
 b - a +2 sling of draining (weapon)
Armour
 g - a +0 leather armour (worn)
Wands
 c - a wand of flame (12)
 d - a wand of charming (15)
 e - a wand of iceblast (5)
Potions
 f - a potion of cancellation {unknown}


   Skills:
 - Level 1.0 Fighting
 - Level 1.9 Maces & Flails
 + Level 1.1 Ranged Weapons
 - Level 2.0 Armour
 - Level 1.0 Dodging
 - Level 1.0 Stealth
 - Level 3.0 Evocations


You had one spell level left.
You didn't know any spells.
Your spell library was empty.

Dungeon Overview and Level Annotations

Branches:
Dungeon (1/15)

Altars:


Innate Abilities, Weirdness & Mutations

You regain HP and MP as you explore.


Message History

You shoot a sling bullet. The sling bullet hits the bat.
You kill the bat!
No target in view!
Found a ring mail.
There is a shaft here.
A quokka and a kobold come into view.
The kobold shouts!
An endoplasm comes into view.
The kobold throws a stone.
The stone closely misses you.
You shoot a sling bullet.
The sling bullet closely misses the quokka.
The endoplasm quivers.
The kobold throws a stone.
The stone barely misses you.
You shoot a sling bullet.
The sling bullet barely misses the quokka.
The kobold throws a stone.
The stone hits you.
You shoot a sling bullet. The sling bullet hits the quokka.
The quokka is almost dead.
The quokka twitches its whiskers.
You shoot a sling bullet. The sling bullet misses the quokka.
The sling bullet hits the kobold.
You kill the kobold!
The quokka twitches its whiskers.
The quokka bites you but does no damage.
There is a shaft here.
The quokka bites you. The endoplasm freezes you.
You are frozen.
The endoplasm attacks as it pursues you!
The endoplasm hits you.
The quokka bites you but does no damage.
You are too injured to fight recklessly!
You are too injured to fight recklessly!
The endoplasm freezes you.
You are frozen.
* * * LOW HITPOINT WARNING * * *
The endoplasm jiggles.
The endoplasm attacks as it pursues you!
The endoplasm hits you.
You die...

#########.......# ......
##......##.......#####......
##........##.................
#.................##########.
#...[.............# ####.
#.................# ####....
#....^.....#.....#####....###
#........r.##....##....####
##.........J@.......####
#.$......#####..####
#..........# #...########
#..........# ###.........###
#...)......# ##...####....
#..........# #...# #####
#..........# #...# #...#
#...########


You could see an endoplasm and a quokka.

Vanquished Creatures
  A dart slug (D:1)
  2 endoplasms (D:1)
  4 goblins (D:1)
  A hobgoblin (D:1)
  A quokka (D:1)
  4 ball pythons (D:1)
  A bat (D:1)
  2 kobolds (D:1)
  2 rats (D:1)
18 creatures vanquished.

Notes
Turn   | Place    | Note
-------+----------+-------------------------------------------
     0 | D:1      | Armakuni the Human Artificer began the quest for the Orb.
     0 | D:1      | Reached XP level 1. HP: 15/15 MP: 1/1
     4 | D:1      | Noticed a gargoyle
     8 | D:1      | Noticed an armataur
     8 | D:1      | Noticed a merfolk
    10 | D:1      | Noticed a vine stalker
    10 | D:1      | Noticed a demonspawn
    12 | D:1      | Noticed a ghoul
    12 | D:1      | Noticed a demigod
    14 | D:1      | Noticed a naga
    14 | D:1      | Noticed an elf
    16 | D:1      | Noticed an oni
    16 | D:1      | Noticed a spriggan
    18 | D:1      | Noticed a dwarf
    18 | D:1      | Noticed a felid
    20 | D:1      | Noticed a troll
    20 | D:1      | Noticed a minotaur
    22 | D:1      | Noticed a tengu
    22 | D:1      | Noticed a draconian
    24 | D:1      | Noticed a barachi
    24 | D:1      | Noticed a djinni
    26 | D:1      | Noticed an octopode
    28 | D:1      | Noticed a formicid
    28 | D:1      | Noticed a human
    30 | D:1      | Noticed a vampire
    57 | D:1      | Reached skill level 1 in Maces & Flails
   166 | D:1      | Reached XP level 2. HP: 20/21 MP: 2/2
   411 | D:1      | Reached skill level 1 in Ranged Weapons
   455 | D:1      | Slain by an endoplasm

Illustrated notes

Levels and vault maps discovered:
D:1:      kb_arrival_jail, layout_rooms

Skill      XL: |  1  2 |
---------------+-------+-----
Maces & Flails | 1 |  1.9
Ranged Weapons | 1 |  1.1
Fighting       | |  1.0
Armour         | |  2.0
Dodging        | |  1.0
Stealth        | |  1.0
Evocations     | |  3.0

Action                     || total
---------------------------++-------
  Melee: Club              ||    37
   Fire: Sling             ||    19
  Evoke: Wand              ||     3
 Armour: Leather armour    ||    41
  Dodge: Dodged            ||    27

Table legend: (Time is in decaauts)
 A = Elapsed time spent in this place.
 B = Non-inter-level travel time spent in this place.
 C = Inter-level travel time spent in this place.
 D = Time resting spent in this place.
 E = Time spent auto-exploring this place.
 F = Levels seen in this place.
 G = Mean time per level.
                   A        B        C        D        E       F      G
               +--------+--------+--------+--------+--------+-----+--------+
         Total |    471 |    471 |      0 |     63 |    208 |   1 |  471.0 |
       Dungeon |    471 |    471 |      0 |     63 |    208 |   1 |  471.0 |
               +--------+--------+--------+--------+--------+-----+--------+

Top non-repeatable levels by time:
     D:1: 471 daAuts
